 Dungeon Crawl Stone Soup version 0.22-a0-192-g6ffc940 (webtiles) character file.

55981 KristoblXynda the Unseen (level 14, -16/66 HPs)
             Began as a Felid Monk on Feb 14, 2018.
             Was the Champion of Yredelemnul.
             Killed from afar by a nagaraja (39 damage)
             ... with an orb of energy
             ... on level 2 of the Snake Pit on Feb 16, 2018.
             The game lasted 01:25:36 (27271 turns).

KristoblXynda the Unseen (Felid Monk)              Turns: 27271, Time: 01:25:37

Health: -16/66     AC:  5    Str: 10    XL:     14   Next: 40%
Magic:  22/22      EV: 33    Int: 15    God:    Yredelemnul [******]
Gold:   1354       SH:  0    Dex: 23    Spells: 6/21 levels left
                                        Lives:  0   Deaths: 4

rFire    + . .     SeeInvis +     - Unarmed
rCold    + . .     Gourm    .   (shield unavailable)
rNeg     . . .     Faith    .   (armour unavailable)
rPois    +         Spirit   .   (helmet unavailable)
rElec    .         Reflect  .   (cloak unavailable)
rCorr    .         Harm     .   (gloves unavailable)
MR       +++..     Clarity  +   (boots unavailable)
Stlth    ++++++++..             h - amulet of regeneration
HPRegen  0.61/turn              z - ring "Otsaukan" {rPois Dex+4}
MPRegen  0.18/turn              p - ring "Butyisch" {rPois rF+ Slay+3}

@: very slightly contaminated, studying Stealth, quick
A: very small, no armour, no weapons or thrown items, stealth, claws 1, fangs 3,
yellow scales 1, see invisible, carnivore, clarity, speed 1, magic resistance 1,
shaggy fur 3, slow metabolism 1, strong 1, wild magic 1, sharp paws
a: Recall Undead Slaves, Injury Mirror, Animate Dead, Drain Life, Enslave Soul,
Renounce Religion


You were on level 2 of the Snake Pit.
You worshipped Yredelemnul.
Yredelemnul was exalted by your worship.
You were full.

You visited 7 branches of the dungeon, and saw 28 of its levels.
You also visited: Ossuary and Ice Cave.

You collected 1846 gold pieces.
You spent 492 gold pieces at shops.

Inventory:

Jewellery
 h - an amulet of regeneration (around neck)
 p - the ring "Butyisch" (right paw) {rPois rF+ Slay+3}
   (You took it off a centaur warrior on level 13 of the Dungeon)

   [ring of poison resistance]

   It affects your accuracy and damage with ranged weapons and melee attacks
   (+3).
   It protects you from fire.
   It protects you from poison.
 z - the ring "Otsaukan" (left paw) {rPois Dex+4}
   (You acquired it on level 5 of the Lair of Beasts)

   [ring of poison resistance]

   It affects your dexterity (+4).
   It protects you from poison.
Wands
 k - a wand of paralysis (11)
 r - a wand of acid (6)
 v - a wand of disintegration (1)
 C - a wand of digging (8)
Scrolls
 c - 17 scrolls of remove curse
 e - 5 scrolls of blinking
 l - a scroll of identify
 m - 12 scrolls of teleportation
 s - a scroll of fog
 y - 2 scrolls of magic mapping
 J - a scroll of amnesia
Potions
 b - 5 potions of agility
 f - a potion of ambrosia
 g - 4 potions of resistance
 i - 2 potions of heal wounds
 j - 6 potions of flight
 n - a potion of invisibility
 o - 3 potions of lignification
 q - 2 potions of curing
 t - 2 potions of haste
 u - 3 potions of brilliance
 w - 4 potions of might
 F - a potion of cancellation
Books
 H - a manual of Stealth
Miscellaneous
 x - a lamp of fire
 D - a crystal ball of energy
Comestibles
 a - 38 rations


   Skills:
 - Level 10.0 Fighting
 + Level 14.5 Dodging
 + Level 18.2 Stealth
 + Level 15.7 Unarmed Combat
 + Level 4.1 Spellcasting
 - Level 10.0 Invocations
 - Level 10.2 Evocations


You had 6 spell levels left.
You knew the following spells:

 Your Spells              Type           Power        Failure   Level  Hunger
a - Mephitic Cloud        Conj/Pois/Air  #.......     56%         3    ###....
b - Hydra Form            Tmut           #.........   100%        6    #######
c - Freezing Cloud        Conj/Ice/Air   #.........   100%        6    #######


Dungeon Overview and Level Annotations

Branches:
Dungeon (15/15)            Temple (1/1) D:6            Lair (6/6) D:11
 Shoals (0/4) Lair:3        Snake (2/4) Lair:4        Slime (1/5) Lair:5
    Orc (2/2) D:12            Elf (1/3) Orc:2        Vaults (0/5) D:14
 Depths (0/5) D:15

Altars:
Ashenzari
Cheibriados
Dithmenos
Elyvilon
Fedhas
Gozag
Hepliaklqana
Kikubaaqudgha
Makhleb
Nemelex Xobeh
Okawaru
Qazlal
Ru
Sif Muna
Trog
Uskayaw
Vehumet
Wu Jian
Xom
Yredelemnul
Zin
The Shining One
Beogh
Jiyva

Shops:
D:5 [((=}   D:6 *   D:15 *   Orc:2 [[**!

Annotations:
Snake:2 Azrael


Innate Abilities, Weirdness & Mutations

You cannot wear armour.
You are incapable of wielding weapons or throwing items.
Your paws allow you to move quietly. (Stealth)
You have sharp claws.
You have razor-sharp teeth.
You have supernaturally acute eyesight. (SInv)
You are carnivorous and can eat meat at any time.
You cover ground quickly.
Your thick and shaggy fur keeps you warm. (AC +3, rC+)
You have a slow metabolism.
Your sharp claws are effective at attacking unaware monsters.
You are partially covered in yellow scales. (AC +2)
You possess an exceptional clarity of mind.
You are resistant to hostile enchantments. (MR+)
Your muscles are strong. (Str +2)
Your spells are a little harder to cast, but a little more powerful.


Message History

The naga warrior grabs your naga. The naga warrior constricts your naga.
The fire elemental hits your naga. The fire elemental burns your naga!
The guardian serpent hits your naga mage!
Donald hits the guardian serpent with an eveningstar of draining.
The black mamba closely misses your naga mage.
A salamander comes into view. It is wielding a spear.
The hell hound completely misses you.
Your naga mage hits the fire elemental from afar with a halberd!
The fire elemental hits your naga. The fire elemental burns your naga!
Your naga dies!
Your naga's corpse dissolves into shadows!
The naga mage completely misses you. The black mamba bites your naga mage!
The guardian serpent barely misses your naga mage.
The hell hound bites you.
The nagaraja points at you and mumbles some strange words.
The orb of energy hits you!
The hell hound barks! x2
Ouch! That really hurt!
You die...
Your body rises from the dead as a mindless zombie.

##..........#
#............
#..###.#...... ###
#..>.#.##..
##.####...####..
###....#......###.
#................. ##
#.....#####.......
#.##@hNNE###.######..
##...#..N##....## ###
##....##NZ#..§#... #
#..hN..#SSNN..N...
#.S......S....#N.
...h.N....#####
.§..N....##
§§.......# S.......#


You could see 2 naga warriors, a nagaraja, 2 salamanders, a guardian serpent, 2
black mambas, a naga mage, a fire elemental (unaware), 3 hell hounds, a naga, a
friendly naga mage, a friendly naga and the friendly Donald the human zombie.

Vanquished Creatures
  Donald (Snake:2)
  Josephine (D:10)
  A yaktaur captain (D:15)
  Erolcha (D:9)
  2 naga warriors
  6 hydras
  3 centaur warriors (D:15)
  An anaconda (Snake:1)
  A death knight (D:15)
  An alligator (Lair:6)
  12 two-headed ogres
  4 death yaks (Lair:5)
  An ogre mage (D:15)
  A shock serpent (Snake:1)
  Sonja (D:11)
  A skeletal warrior (D:15)
  2 unseen horrors
  The ghost of Tramtrist the Covert, a novice OpAs of Trog (D:7)
  A wizard (D:14)
  A mana viper (Snake:1)
  An ugly thing zombie (D:15)
  11 ugly things
  An oklob plant (Lair:1)
  A deep elf mage (D:15)
  A cyclops (D:14)
  A manticore (D:15)
  10 black mambas
  2 naga magi (Snake:1)
  7 elephants
  A spiny frog (shapeshifter) (D:13)
  8 spiny frogs
  6 kobold demonologists (D:14)
  5 komodo dragons
  2 freezing wraiths (D:15)
  A yaktaur (D:15)
  An efreet (D:14)
  2 tengu conjurers (D:14)
  A jumping spider (D:15)
  2 hydra zombies
  8 polar bears (Lair:6)
  11 trolls
  A raiju (Lair:6)
  2 hornets
  7 blink frogs
  A dream sheep (Lair:5)
  6 hippogriffs
  A meliai zombie (D:15)
  A flying skull (Lair:1)
  2 shadows
  2 redbacks
  2 wraiths (D:10)
  A spriggan (D:7)
  A tarantella (D:15)
  A vampire (D:14)
  7 wyverns
  31 yaks
  4 vampire mosquitoes (D:15)
  9 nagas
  A soldier ant (D:12)
  A warg (Lair:6)
  16 water moccasins
  Duvessa (D:7)
  9 hell hounds (Lair:6)
  8 porcupines
  7 ice beasts
  8 orc warriors
  5 phantoms
  7 sky beasts
  A necrophage (D:6)
  16 ogres
  9 black bears
  6 centaurs
  19 wolves
  6 crocodiles
  An elf zombie (Ossuary)
  2 big kobolds
  A wyvern zombie (D:14)
  17 bullfrogs
  2 gnoll sergeants
  Dowan (D:7)
  3 scorpions
  A killer bee (D:7)
  A troll zombie (D:14)
  An electric eel (Lair:1)
  5 wights (D:15)
  2 howler monkeys (D:7)
  7 crimson imps
  2 bullfrog zombies
  A quasit (D:8)
  2 centaur zombies (Ossuary)
  2 human zombies (Ossuary)
  5 jellies
  8 orc priests
  9 hounds
  A bullfrog skeleton (D:11)
  A centaur skeleton (D:5)
  An iguana (shapeshifter) (D:15)
  3 iguanas
  13 orc wizards
  11 worker ants
  3 big kobold zombies (Ossuary)
  2 hound skeletons
  3 mummies
  A howler monkey zombie (D:5)
  2 worker ant zombies
  Robin (D:2)
  12 adders
  8 gnolls
  5 shadow imps
  2 adder zombies (Ossuary)
  An adder skeleton (D:4)
  A worm (D:2)
  3 leopard geckos
  36 orcs
  4 giant cockroaches
  14 goblins
  10 hobgoblins
  6 jackals
  19 kobolds
  A ball python (D:5)
  9 bats
  5 frilled lizards
  11 hobgoblin zombies
  A jackal zombie (Ossuary)
  7 kobold zombies (Ossuary)
  11 orc zombies
  A quokka skeleton (D:7)
  8 rats
  A fungus (D:11)
  A plant (Lair:1)
617 creatures vanquished.

Vanquished Creatures (collateral kills)
  Rupert (Orc:2)
  2 hydras (Lair:6)
  A centaur warrior (D:13)
  5 two-headed ogres
  2 ogre magi (Orc:2)
  An orc high priest (Orc:2)
  A skeletal warrior (D:15)
  2 deep trolls (Orc:2)
  A wizard (D:14)
  3 ugly things
  A manticore (D:14)
  3 wolf spiders (Lair:6)
  4 cyclopes
  6 black mambas
  3 elephants
  A gargoyle (D:14)
  A guardian serpent (Lair:6)
  A spiny frog (Lair:6)
  A kobold demonologist (D:14)
  2 komodo dragons (Lair:6)
  A polar bear (Lair:6)
  4 trolls (Orc:2)
  2 hornets
  10 dream sheep
  A raiju (Lair:6)
  17 blink frogs
  2 hippogriffs
  2 redbacks
  A shadow (D:11)
  A wraith (D:10)
  9 wyverns
  21 yaks
  A hungry ghost (D:9)
  A basilisk (Lair:4)
  3 wargs (Lair:6)
  2 nagas
  An acid dragon (D:15)
  4 porcupines
  8 water moccasins
  6 hell hounds (Lair:6)
  An eye of draining (D:9)
  2 orc warriors
  4 black bears
  14 wolves
  10 ogres
  2 centaurs
  2 crocodiles (Lair:6)
  A big kobold (D:12)
  4 bullfrogs
  2 scorpions
  2 wights (D:11)
  An electric eel (Lair:1)
  A jelly (D:8)
  2 orc priests
  2 orc wizards
  2 gnolls (Orc:2)
  12 orcs
  3 jackals
  A kobold (D:14)
  23 fungi
  17 plants
247 creatures vanquished.

Vanquished Creatures (others)
  A ghoul (D:15)
  A flayed ghost (D:15)
  5 ugly thing zombies
  A phantasmal warrior (Lair:6)
  A redback zombie (D:15)
  A ghoul skeleton (D:15)
  A guardian serpent zombie (Lair:6)
  A jumping spider zombie (D:15)
  A tarantella zombie (D:15)
  10 flying skulls
  5 black mamba zombies
  2 felid zombies
  4 wraiths
  A vampire (Lair:6)
  2 human zombies
  4 ogre zombies
  3 two-headed ogre zombies
  2 hornet zombies
  An elf zombie (D:15)
  2 vampire mosquito zombies (D:15)
  10 blink frog zombies
  2 hippogriff zombies
  2 komodo dragon zombies
  A yaktaur zombie (D:15)
  3 wyvern zombies
  4 water moccasin zombies
  6 hell hound zombies (Lair:6)
  A cyclops zombie (Orc:2)
  3 warg zombies (Lair:6)
  5 polar bear zombies (Lair:6)
  A raiju zombie (Lair:6)
  3 troll zombies
  6 yak zombies
  A wight (Lair:4)
  7 wolf zombies
  2 centaur zombies (D:15)
  4 bullfrog zombies
  4 black bear zombies
  A porcupine zombie (Lair:4)
  2 big kobold zombies
  2 crocodile zombies
  A naga zombie (Snake:1)
  A sky beast zombie (D:15)
  A hound zombie (D:9)
  3 mummies
  A worker ant zombie (D:11)
  3 gnoll zombies (Orc:2)
  A scorpion zombie (D:11)
  An iguana zombie (D:8)
  8 orc zombies
  An adder zombie (D:11)
  An orc skeleton (D:15)
  6 jackal zombies
  9 kobold zombies
  3 bushes (Lair:6)
  39 fungi
  50 plants
248 creatures vanquished.

Grand Total: 1112 creatures vanquished

Notes
Turn   | Place    | Note
-------+----------+-------------------------------------------
     0 | D:1      | KristoblXynda the Felid Monk began the quest for the Orb.
     0 | D:1      | Reached XP level 1. HP: 10/10 MP: 2/2
    23 | D:1      | Reached skill level 3 in Stealth
   223 | D:1      | Reached XP level 2. HP: 14/14 MP: 3/3
   999 | D:2      | Reached XP level 3. HP: 8/17 MP: 4/4
  1657 | D:2      | Reached skill level 4 in Stealth
  1668 | D:2      | Found a stormy altar of Qazlal.
  1668 | D:2      | Noticed Robin
  1961 | D:1      | Reached XP level 4. HP: 11/21 MP: 5/5
  2173 | D:2      | Killed Robin
  2210 | D:2      | Found a shimmering altar of Xom.
  2210 | D:2      | Found a shattered altar of Ashenzari.
  2212 | D:2      | Found an ornate altar of the Wu Jian Council.
  2212 | D:2      | Found a glowing golden altar of the Shining One.
  2212 | D:2      | Found a blossoming altar of Fedhas.
  2404 | D:2      | Hit by a tomahawk thrown by an orc
  2405 | D:2      | Reached XP level 3. HP: -4/17 MP: 4/4
  2405 | D:2      | Upgraded the game from 0.22-a0-181-gb22368a to 0.22-a0-185-ge330310
  2443 | D:3      | Reached XP level 4. HP: 17/21 MP: 5/5
  2458 | D:3      | Found a glowing silver altar of Zin.
  2466 | D:3      | Reached skill level 5 in Unarmed Combat
  2487 | D:3      | Reached skill level 5 in Stealth
  2576 | D:3      | Found a radiant altar of Vehumet.
  2596 | D:3      | Found an opulent altar of Gozag.
  2604 | D:3      | Found an iron altar of Okawaru.
  2914 | D:4      | Reached XP level 5. HP: 16/24 MP: 6/6
  2946 | D:4      | Found a sand-covered staircase.
  2958 | Ossuary  | Entered an ossuary
  3508 | Ossuary  | Gained mutation: You are covered in thick fur. (AC +2) [Felid growth]
  3508 | Ossuary  | Reached XP level 6. HP: 20/28 MP: 7/7
  3581 | Ossuary  | Reached skill level 6 in Stealth
  4054 | D:4      | Found a sacrificial altar of Ru.
  4088 | D:4      | Reached skill level 7 in Stealth
  4088 | D:4      | Reached XP level 7. HP: 21/31 MP: 8/8
  4967 | D:5      | Entered Level 5 of the Dungeon
  4967 | D:5      | Found Qotaxube's Antique Weapon Shop.
  5041 | D:5      | Found Zuliych's Antique Weapon Shop.
  5156 | D:5      | Found Okhitrepn's Jewellery Shop.
  5194 | D:5      | Reached skill level 8 in Stealth
  5229 | D:5      | Found Lextoagg's Antique Armour Shop.
  5298 | D:5      | Found Xymnad's Gadget Emporium.
  5330 | D:5      | Reached XP level 8. HP: 34/34 MP: 9/9
  5820 | D:6      | Found Inkidadgh's Assorted Antiques.
  5826 | D:6      | Bought a scroll labeled AMETEG USKET for 32 gold pieces
  5826 | D:6      | Bought a large silver ring for 160 gold pieces
  6035 | D:6      | Reached skill level 9 in Stealth
  6046 | D:6      | Reached skill level 1 in Evocations
  6180 | D:6      | Found a staircase to the Ecumenical Temple.
  6344 | Temple   | Entered the Ecumenical Temple
  6422 | Temple   | Became a worshipper of Yredelemnul the Dark
  6422 | Temple   | Reached * piety under Yredelemnul
  6422 | Temple   | Reached ** piety under Yredelemnul
  6749 | D:7      | Noticed Tramtrist's ghost (novice OpAs)
  6765 | D:7      | Killed Tramtrist's ghost
  6765 | D:7      | Reached skill level 10 in Stealth
  6765 | D:7      | Reached XP level 9. HP: 39/39 MP: 10/12
  7063 | D:7      | Found a blossoming altar of Fedhas.
  7070 | D:7      | Reached skill level 5 in Fighting
  7150 | D:7      | Reached skill level 10 in Unarmed Combat
  7242 | D:7      | Noticed Dowan
  7243 | D:7      | Noticed Duvessa
  7262 | D:7      | Killed Duvessa
  7267 | D:7      | Killed Dowan
  7681 | D:8      | Reached skill level 1 in Invocations
  7683 | D:8      | Found a bloodstained altar of Trog.
  7695 | D:8      | Reached skill level 11 in Stealth
  7739 | D:8      | Found a burning altar of Makhleb.
  7834 | D:8      | Reached skill level 5 in Evocations
  7996 | D:8      | Reached *** piety under Yredelemnul
  8360 | D:8      | Reached XP level 10. HP: 44/44 MP: 14/14
  9265 | D:9      | Received a gift from Yredelemnul (a mummy)
  9397 | D:9      | Noticed Erolcha
  9420 | D:9      | Killed Erolcha
  9612 | D:9      | Reached skill level 12 in Stealth
  9849 | D:10     | Entered Level 10 of the Dungeon
 10337 | D:10     | Noticed Josephine
 10359 | D:10     | Killed Josephine
 10525 | D:10     | Reached **** piety under Yredelemnul
 10569 | D:10     | Reached XP level 11. HP: 48/48 MP: 17/17
 10577 | D:10     | Received a gift from Yredelemnul (2 flying skulls)
 10621 | D:10     | Noticed an unseen horror
 10624 | D:10     | Killed an unseen horror
 10624 | D:10     | Reached skill level 5 in Invocations
 11213 | D:11     | Reached skill level 13 in Stealth
 11231 | D:11     | Noticed a red ugly thing
 11240 | D:11     | HP: 2/48 [red ugly thing (18)]
 11244 | D:11     | Killed a red ugly thing
 11332 | D:11     | Found a staircase to the Lair.
 11583 | D:11     | Noticed a purple ugly thing
 11593 | D:11     | Noticed Sonja
 11610 | D:11     | Killed a purple ugly thing
 12120 | D:11     | Killed Sonja
 12153 | D:12     | Noticed an unseen horror
 12158 | D:12     | Received a gift from Yredelemnul (a mummy)
 12159 | D:12     | Noticed a two-headed ogre
 12172 | D:12     | Slain by a two-headed ogre
 12173 | D:12     | Reached XP level 10. HP: -3/44 MP: 17/17
 12181 | D:12     | Killed a two-headed ogre
 12196 | D:12     | Killed an unseen horror
 12580 | D:12     | Found a staircase to the Orcish Mines.
 12596 | D:12     | Your ally KristoblXynda died
 12794 | D:12     | Received a gift from Yredelemnul (a mummy)
 13186 | D:13     | Noticed a spiny frog
 13190 | D:13     | Noticed a seven-headed hydra
 13193 | D:13     | Killed a spiny frog
 13193 | D:13     | Reached XP level 11. HP: 48/48 MP: 18/18
 13198 | D:13     | Killed a seven-headed hydra
 13479 | D:13     | Noticed a centaur warrior
 13495 | D:13     | Reached skill level 14 in Stealth
 13506 | D:13     | Killed a centaur warrior
 13581 | D:13     | Got a coiled lapis lazuli ring
 13971 | D:14     | Identified the ring "Butyisch" {rPois rF+ Slay+3} (You took it off a centaur warrior on level 13 of the Dungeon)
 14095 | D:14     | Reached ***** piety under Yredelemnul
 14104 | D:14     | Noticed an eight-headed hydra
 14118 | D:14     | Killed an eight-headed hydra
 14183 | D:14     | Noticed a wizard
 14191 | D:14     | Killed a wizard
 14197 | D:14     | Found a gate to the Vaults.
 14197 | D:14     | Noticed a wizard
 14204 | D:14     | Noticed a sixfirhy
 14205 | D:14     | Killed a wizard
 14205 | D:14     | Reached skill level 5 in Dodging
 14206 | D:14     | Noticed a sixfirhy
 14208 | D:14     | Noticed a soul eater
 14307 | D:14     | Noticed a sun demon
 14875 | D:14     | Noticed a two-headed ogre
 14882 | D:14     | Killed a two-headed ogre
 14882 | D:14     | Reached skill level 10 in Evocations
 14890 | D:14     | Gained mutation: Your thick and shaggy fur keeps you warm. (AC +3, rC+) [Felid growth]
 14890 | D:14     | Reached XP level 12. HP: 14/51 MP: 18/20
 14962 | D:14     | Found a shimmering altar of Xom.
 15117 | D:14     | Received a gift from Yredelemnul (a wraith)
 15342 | D:15     | Entered Level 15 of the Dungeon
 15367 | D:15     | Noticed a six-headed hydra
 15395 | D:15     | HP: 2/51 [six-headed hydra (8)]
 15395 | D:15     | Mangled by a six-headed hydra
 15396 | D:15     | Reached XP level 11. HP: -6/48 MP: 19/19
 15437 | D:15     | Noticed a cyan ugly thing
 15438 | D:15     | Noticed a cyan ugly thing
 15438 | D:15     | Noticed a cyan ugly thing
 15439 | D:15     | Noticed a cyan ugly thing
 15501 | D:15     | Killed a six-headed hydra
 15520 | D:15     | Noticed a skeletal warrior
 15520 | D:15     | Noticed a skeletal warrior
 15521 | D:15     | Noticed a skeletal warrior
 15522 | D:15     | Noticed a skeletal warrior
 15623 | Lair:1   | Entered Level 1 of the Lair of Beasts
 15682 | Lair:1   | Learned a level 3 spell: Mephitic Cloud
 15872 | Lair:1   | Noticed a four-headed hydra
 15872 | Lair:1   | Noticed an oklob plant
 15898 | Lair:1   | Killed a four-headed hydra
 16334 | Lair:1   | Received a gift from Yredelemnul (2 flying skulls)
 16806 | Lair:1   | Killed an oklob plant
 17202 | Lair:2   | Reached XP level 12. HP: 41/51 MP: 20/20
 18146 | Lair:2   | Noticed a seven-headed hydra
 18159 | Lair:2   | Killed a seven-headed hydra
 18543 | Lair:3   | Found a radiant altar of Vehumet.
 18676 | Lair:3   | Reached ****** piety under Yredelemnul
 18760 | Lair:3   | Found a staircase to the Shoals.
 18985 | Lair:3   | Reached skill level 10 in Dodging
 18985 | Lair:3   | Reached skill level 10 in Invocations
 19046 | Lair:3   | Received a gift from Yredelemnul (3 flying skulls)
 19050 | Lair:3   | Found the +8 whip "Snakebite" {curare, rPois}
 19470 | Lair:3   | Received a gift from Yredelemnul (a wight)
 19524 | Lair:4   | Noticed an eight-headed hydra
 19531 | Lair:4   | Killed an eight-headed hydra
 19651 | Lair:4   | Found a hide-covered altar of Uskayaw.
 19726 | Lair:4   | Reached XP level 13. HP: 23/57 MP: 21/21
 19984 | Lair:4   | Found a staircase to the Snake Pit.
 20386 | Lair:5   | Found a frozen archway.
 20402 | IceCv    | Entered an ice cave
 20841 | Lair:5   | Identified a scroll of acquirement
 20849 | Lair:5   | Got a clouded jade ring
 20851 | Lair:5   | Identified the ring "Otsaukan" {rPois Dex+4} (You acquired it on level 5 of the Lair of Beasts)
 21087 | Lair:5   | Received a gift from Yredelemnul (a wraith)
 21344 | Lair:5   | Found a viscous altar of Jiyva.
 21344 | Lair:5   | Found a staircase to the Slime Pits.
 21663 | Lair:6   | Entered Level 6 of the Lair of Beasts
 21910 | Lair:6   | Received a gift from Yredelemnul (4 flying skulls)
 22157 | Lair:6   | Received a gift from Yredelemnul (a phantasmal warrior)
 22231 | Lair:6   | Received a gift from Yredelemnul (a wraith)
 22525 | Lair:6   | Received a gift from Yredelemnul (a skeletal warrior)
 22588 | Lair:6   | Received a gift from Yredelemnul (a vampire)
 22801 | Lair:6   | Reached XP level 14. HP: 33/64 MP: 22/22
 22836 | Lair:6   | Gained mutation: Your body sometimes deteriorates upon taking damage. [potion of mutation]
 22836 | Lair:6   | Gained mutation: Your muscles are strong. (Str +2) [potion of mutation]
 22836 | Lair:6   | Gained mutation: Your spells are a little harder to cast, but a little more powerful. [potion of mutation]
 22837 | Lair:6   | Lost mutation: Your body sometimes deteriorates upon taking damage. [potion of mutation]
 22837 | Lair:6   | Lost mutation: Your muscles are strong. (Str +2) [potion of mutation]
 22837 | Lair:6   | Gained mutation: You possess an exceptional clarity of mind. [potion of mutation]
 22837 | Lair:6   | Gained mutation: You are resistant to hostile enchantments. (MR+) [potion of mutation]
 22837 | Lair:6   | Gained mutation: Your muscles are strong. (Str +2) [potion of mutation]
 22837 | Lair:6   | Gained mutation: You are partially covered in yellow scales. (AC +2) [potion of mutation]
 23000 | Lair:6   | Reached skill level 15 in Stealth
 23505 | Lair:1   | Learned a level 6 spell: Hydra Form
 23694 | D:15     | Your ally KristoblXynda died
 23702 | D:15     | Received a gift from Yredelemnul (a wraith)
 23754 | D:15     | Reached skill level 15 in Unarmed Combat
 23755 | D:15     | Received a gift from Yredelemnul (a ghoul)
 23842 | D:15     | Reached skill level 16 in Stealth
 23989 | D:15     | Received a gift from Yredelemnul (a flayed ghost)
 24241 | D:15     | Found an opulent altar of Gozag.
 24247 | D:15     | Found Gozag's Platinum Reserve.
 24259 | D:15     | Reached skill level 10 in Fighting
 24444 | D:15     | Reached skill level 1 in Spellcasting
 24833 | D:15     | Found a staircase to the Depths.
 25291 | Orc:1    | Entered Level 1 of the Orcish Mines
 25291 | Orc:1    | Found a roughly hewn altar of Beogh.
 25425 | Orc:2    | Entered Level 2 of the Orcish Mines
 25436 | Orc:2    | Noticed Rupert
 25450 | Orc:2    | Killed Rupert
 25450 | Orc:2    | Reached skill level 17 in Stealth
 25560 | Orc:2    | Found a staircase to the Elven Halls.
 25642 | Orc:2    | Found Wawnioty's Antique Armour Shoppe.
 25653 | Orc:2    | Found Unwamara's Antique Armour Boutique.
 25654 | Orc:2    | Found Ullyemat's General Store.
 25682 | Orc:2    | Your ally Rupert died
 25691 | Orc:2    | Mangled by a two-headed ogre
 25692 | Orc:2    | Reached XP level 13. HP: -10/61 MP: 20/21
 25700 | Orc:2    | Upgraded the game from 0.22-a0-185-ge330310 to 0.22-a0-192-g6ffc940
 25750 | Orc:2    | Received a gift from Yredelemnul (a flayed ghost)
 25767 | Orc:2    | Reached XP level 14. HP: 49/66 MP: 19/22
 25846 | Orc:2    | Received a gift from Yredelemnul (a vampire knight)
 25851 | Orc:2    | Found Epreaz's Assorted Antiques.
 25854 | Orc:2    | Found Giuv's Distillery.
 25922 | Orc:2    | Bought a potion of heal wounds for 75 gold pieces
 25922 | Orc:2    | Bought a potion of heal wounds for 75 gold pieces
 25927 | Orc:2    | Bought a moonstone ring for 150 gold pieces
 26301 | Elf:1    | Entered Level 1 of the Elven Halls
 26374 | Lair:1   | Learned a level 6 spell: Freezing Cloud
 26480 | Slime:1  | Entered Level 1 of the Pits of Slime
 26523 | Snake:1  | Entered Level 1 of the Snake Pit
 26534 | Snake:1  | Received a gift from Yredelemnul (a vampire knight)
 26637 | Snake:1  | Reached skill level 18 in Stealth
 27223 | Snake:2  | Noticed Donald
 27229 | Snake:2  | Killed Donald
 27255 | Snake:2  | Noticed Azrael
 27256 | Snake:2  | Noticed a nagaraja
 27271 | Snake:2  | Killed from afar by a nagaraja

Vault maps used:
D:1:      onia_arrival_handbag, st_stairs_11, minmay_misc_feat_cross,
          kennysheep_boxes
D:2:      minmay_stone_trees_small, dk_noncrumbling_3, doesnt_xom_only_xom,
          uniq_robin
D:3:      grunt_temple_overflow_open, zin_scriptorium, first_ration
D:4:      nicolae_ru_sacrificial_ziggurat, nicolae_ossuary_entry_giza
D:5:      cheibrodos_two_vegetables, serial_shops, shop, shop,
          nicolae_shop_window_shopping, nicolae_shop_behind_doors,
          nicolae_shop_statue_plus
D:6:      minmay_temple_entry_trees, serial_shops, shop
D:7:      the_bakery, amethyst_killhole, roderic_lattice_a, st_stairs_5,
          fedhas_altar_3, uniq_duvessa
D:8:      basic_altar, st_stairs_3, bloody_trog
D:9:      uniq_erolcha
D:10:     uniq_josephine
D:11:     grunt_lair_entry_orc_guard_hut, uniq_sonja
D:12:     david_orc_3
D:14:     david_vaults_1, lemuel_statue_altar
D:15:     grunt_enter_depths_snipers, nicolae_gozag_zags_fifth_avenue
Temple:   nicolae_temple_x_marks_the_god
Lair:1:   serial_bayou_ford_a, grunt_forest_small_clearings,
          beast_lair_carwin_4, grunt_megastairs_3, minmay_lair_oklob_chamber
Lair:2:   cheibrodos_lair_river_kwai, grunt_megastairs_2
Lair:3:   minmay_guarded_unrand_snakebite, elwin_shoals_entry_rocks,
          basic_altar, serial_forest, infiniplex_forest_clump_curved,
          infiniplex_forest_end_1, infiniplex_forest_straight_5,
          infiniplex_forest_clump_curved, infiniplex_forest_clump_medium,
          infiniplex_forest_clump_cross, infiniplex_forest_clump_small,
          lemuel_fruit_tree
Lair:4:   guppyfry_snake_entry_island, basic_altar, beast_lair_carwin_7,
          infiniplex_staircase_pool
Lair:5:   slime_altar_1, portal_ice_cave_entry_pillars_2, grunt_megastairs_1,
          lemuel_fruit_fields
Lair:6:   hangedman_lair_caniforms_friends, hangedman_lair_tendril_chambers,
          fungi_pond_lemuel
Snake:2:  serial_shops, nicolae_shop_trees, grunt_ministairs_12, uniq_azrael,
          uniq_donald
Orc:1:    basic_altar, nicolae_orc_lost_temple
Orc:2:    st_orc_open, serial_shops, shop, uniq_rupert
Elf:1:    elf_arrival_002, evilmike_minifort
Ossuary:  ossuary_tomb_1
IceCv:    ice_cave_statue_garden_chambered

Skill      XL: |  1  2  3  4  5  6  7  8  9 10 11 12 13 14 |
---------------+-------------------------------------------+-----
Stealth        | 3 4 5 7 8 10 11 12 14 18 | 18.2
Unarmed Combat | 4 5 6 7 8 9 10 11 13 14 15 | 15.7
Evocations     | 3 5 7 10 | 10.2
Fighting       | 4 5 7 9 10 | 10.0
Invocations    | 1 4 9 10 | 10.0
Dodging        | 8 10 14 13 | 14.5
Spellcasting   | 4 |  4.1

Action                   |  1- 3 |  4- 6 |  7- 9 | 10-12 | 13-15 || total
-------------------------+-------+-------+-------+-------+-------++-------
Melee: Unarmed           |   104 |   286 |   278 |   742 |   702 ||  2112
       Bite              |    13 |    45 |    24 |    97 |   106 ||   285
       Punch             |     1 |    14 |    10 |    48 |    63 ||   136
Invok: Animate Remains   |       |       |     3 |     1 |       ||     4
       Animate Dead      |       |       |     1 |    83 |    83 ||   167
       Drain Life        |       |       |       |     1 |     2 ||     3
       Recall Undead Sla |       |       |       |     1 |       ||     1
Evoke: Wand              |       |       |     4 |    49 |    21 ||    74
       Lamp of fire      |       |       |       |     3 |     2 ||     5
  Use: Scroll            |     3 |     3 |    10 |    10 |    10 ||    36
       Potion            |     1 |     4 |     1 |     8 |     4 ||    18
 Stab: Sleeping          |    13 |     7 |    24 |    51 |    20 ||   115
       Distracted        |       |     1 |     5 |    12 |    16 ||    34
       Paralysed         |       |       |     2 |    12 |     2 ||    16
       Confused          |       |       |       |     2 |       ||     2
  Eat: Chunk             |    11 |     5 |    10 |    41 |    31 ||    98
       Ration            |       |       |       |     5 |     8 ||    13
Armor: Skin              |     7 |     6 |     9 |    24 |    22 ||    68
Dodge: Dodged            |    89 |   192 |   163 |   594 |   799 ||  1837

Table legend:
 A = Spawn XP
 B = Non-spawn XP
 C = Spawn XP percentage of total XP
 D = Spawn monster count
 E = Non-spawn monster count
 F = Spawn count percentage of total count
 G = Total turns spent on level
                    A         B        C        D         E        F      G
               +---------+---------+-------+---------+---------+-------+---------
         Total |       0 |  136174 |   0.0 |       0 |     816 |   0.0 | 27271
               +---------+---------+-------+---------+---------+-------+---------
           D:1 |       0 |      44 |   0.0 |       0 |      27 |   0.0 |  1299
           D:2 |       0 |      84 |   0.0 |       0 |      27 |   0.0 |  1088
           D:3 |       0 |     136 |   0.0 |       0 |      15 |   0.0 |   709
           D:4 |       0 |     541 |   0.0 |       0 |      18 |   0.0 |  1044
           D:5 |       0 |     577 |   0.0 |       0 |      17 |   0.0 |   893
           D:6 |       0 |     641 |   0.0 |       0 |      12 |   0.0 |   643
           D:7 |       0 |    2208 |   0.0 |       0 |      22 |   0.0 |  1062
           D:8 |       0 |     951 |   0.0 |       0 |      16 |   0.0 |  1046
           D:9 |       0 |    2620 |   0.0 |       0 |      33 |   0.0 |  1149
          D:10 |       0 |    3924 |   0.0 |       0 |      25 |   0.0 |  1109
          D:11 |       0 |    3718 |   0.0 |       0 |      30 |   0.0 |  1247
          D:12 |       0 |    2668 |   0.0 |       0 |      30 |   0.0 |  1023
          D:13 |       0 |    2477 |   0.0 |       0 |      14 |   0.0 |   891
          D:14 |       0 |    9773 |   0.0 |       0 |      36 |   0.0 |  1471
          D:15 |       0 |   24028 |   0.0 |       0 |      72 |   0.0 |  1851
        Lair:1 |       0 |    6783 |   0.0 |       0 |      35 |   0.0 |  1421
        Lair:2 |       0 |    8409 |   0.0 |       0 |      47 |   0.0 |  1474
        Lair:3 |       0 |    5158 |   0.0 |       0 |      31 |   0.0 |   977
        Lair:4 |       0 |    5992 |   0.0 |       0 |      31 |   0.0 |  1086
        Lair:5 |       0 |    5448 |   0.0 |       0 |      17 |   0.0 |  1004
        Lair:6 |       0 |   23641 |   0.0 |       0 |     132 |   0.0 |  1728
       Snake:1 |       0 |    5627 |   0.0 |       0 |      15 |   0.0 |   695
       Snake:2 |       0 |    3268 |   0.0 |       0 |       3 |   0.0 |    53
         Orc:1 |       0 |     648 |   0.0 |       0 |       6 |   0.0 |   137
         Orc:2 |       0 |   15031 |   0.0 |       0 |      59 |   0.0 |   900
       Ossuary |       0 |     436 |   0.0 |       0 |      39 |   0.0 |   827
         IceCv |       0 |    1343 |   0.0 |       0 |       7 |   0.0 |   351
               +---------+---------+-------+---------+---------+-------+---------
